 Dungeon Crawl Stone Soup version 0.29.1-1-gd02db6906a (console) character file.

Game seed: 16459593174209498239

933 shmup the Martial Artist (level 7, 0/52 HPs)
             Began as a Red Draconian Transmuter on Sept 17, 2022.
             Was a Follower of Nemelex Xobeh.
             Slain by Eustachio
             ... wielding a +2 falchion of electrocution
              (11 damage)
             ... on level 5 of the Dungeon on Sept 18, 2022.
             The game lasted 00:28:43 (5499 turns).

shmup the Martial Artist (Red Draconian Transmuter) Turns: 5499, Time: 00:28:44

Health: 0/52       AC: 13    Str: 12    XL:     7   Next: 86%
Magic:  9/10       EV: 12    Int: 18    God:    Nemelex Xobeh [*.....]
Gold:   206        SH:  0    Dex: 12    Spells: 4/10 levels left

rFire   + . .      SeeInvis .     - Unarmed
rCold   + . .      Faith    .   (no shield)
rNeg    . . .      Spirit   .   (body armour unavailable)
rPois   .          Reflect  .   f - +2 hat {Int+3}
rElec   .          Harm     .   (no cloak)
rCorr   .          Rampage  .   h - +0 pair of gloves
Will    .....                   (no boots)
Stlth   +.........              (no amulet)
HPRegen 0.17/turn               q - +4 ring of protection
MPRegen 0.12/turn               A - ring of protection from cold

@: wereblooded, studying Short Blades
A: breathe fire, AC +6, unfitting armour, fire resistance 1, cold-blooded
a: Breathe Fire, Renounce Religion, Draw Escape, Draw Destruction, Draw
Summoning


You were on level 5 of the Dungeon.
You worshipped Nemelex Xobeh.
Nemelex Xobeh was aware of your devotion.
You visited 2 branches of the dungeon, and saw 7 of its levels.

You collected 206 gold pieces.

Inventory:

Hand Weapons
 g - a +4 short sword
Missiles
 b - 32 stones (quivered)
 c - 13 boomerangs
 t - 6 datura-tipped darts
 v - 2 poisoned darts
 w - 6 silver boomerangs
 x - 3 curare-tipped darts
Armour
 f - a +2 hat of intelligence (worn)
 h - a +0 pair of gloves (worn)
 D - a +0 pair of boots
Jewellery
 q - a +4 ring of protection (left hand)
 A - a ring of protection from cold (right hand)
Wands
 y - a wand of flame (6)
Scrolls
 d - 2 scrolls of poison {unknown}
 e - 2 scrolls of teleportation {unknown}
 i - a scroll of blinking {unknown}
 j - a scroll of fog {unknown}
 l - a scroll of identify
 n - a scroll of noise {unknown}
 s - a scroll of magic mapping {unknown}
Potions
 a - a potion of lignification
 k - 2 potions of flight
 m - 2 potions of resistance
 o - a potion of mutation {unknown}
 p - 3 potions of attraction
 r - a potion of brilliance {unknown}
 u - a potion of berserk rage {unknown}
 z - a potion of curing {unknown}
 B - a potion of invisibility {unknown}
 C - a potion of magic {unknown}


   Skills:
 - Level 1.1 Fighting
 - Level 1.7 Dodging
 + Level 8.4 Unarmed Combat
 - Level 2.0 Spellcasting
 * Level 4.8 Transmutations


You had 4 spell levels left.
You knew the following spells:

 Your Spells              Type           Power      Damage    Failure   Level
a - Beastly Appendage     Tmut           38%        N/A       2%          1
b - Wereblood             Tmut           19%        N/A       3%          2
c - Spider Form           Tmut/Pois      10%        N/A       21%         3

Your spell library contained the following spells:

 Spells                   Type           Power      Damage    Failure   Level
 Confusing Touch          Hex            1%         N/A       47%         3
 Ice Form                 Ice/Tmut       10%        N/A       56%         4
 Yara's Violent Unravell  Hex/Tmut       5%         3d4       88%         5
 Enfeeble                 Hex            0%         N/A       100%        7
 Borgnjor's Revivificati  Necr           0%         N/A       100%        8
 Necromutation            Tmut/Necr      5%         N/A       100%        8
 Death's Door             Necr           0%         N/A       100%        9


Dungeon Overview and Level Annotations

Branches:
Dungeon (6/15)             Temple (1/1) D:4

Altars:
Ashenzari
Cheibriados
Elyvilon
Hepliaklqana
Nemelex Xobeh
Okawaru
Qazlal
Ru
Trog
Uskayaw
Zin

Shops:
D:2 (:(([   D:3 [

Annotations:
D:3 exclusion: downstairs
D:4 exclusion: 2 downstairs
D:5 Eustachio


Innate Abilities, Weirdness & Mutations

You can breathe blasts of fire.
Your fiery red scales are hard. (AC +6)
You cannot fit into any form of body armour.
Your flesh is heat resistant. (rF+)
You are cold-blooded and may be slowed by cold attacks.


Message History

You tail-slap Eustachio, but do no damage.
Eustachio is lightly wounded.
The river rat barely misses you.
You hit Eustachio but do no damage.
You tail-slap Eustachio, but do no damage.
Eustachio is lightly wounded.
Eustachio casts a spell.
The river rat bites you.
* * * LOW HITPOINT WARNING * * *
You hit Eustachio.
Eustachio is moderately wounded.
The bat hits you but does no damage. The bat barely misses you.
Eustachio hits you with a +2 falchion of electrocution.
* * * LOW HITPOINT WARNING * * *
The river rat bites you but does no damage.
The quokka bites you.
* * * LOW HITPOINT WARNING * * *
Okay, then.
You hit Eustachio but do no damage.
Eustachio is moderately wounded.
The bat barely misses you.
Eustachio hits you with a +2 falchion of electrocution!
* * * LOW HITPOINT WARNING * * *
The river rat closely misses you.
The quokka bites you but does no damage.
You hit Eustachio. You tail-slap Eustachio.
Eustachio is heavily wounded.
The bat closely misses you.
Eustachio hits you with a +2 falchion of electrocution.
* * * LOW HITPOINT WARNING * * *
The river rat barely misses you.
You completely miss Eustachio.
Eustachio is heavily wounded.
The bat hits you but does no damage. x2; The quokka barely misses you.
The bat barely misses you. The quokka misses you.
Eustachio hits you with a +2 falchion of electrocution.
* * * LOW HITPOINT WARNING * * *
You are electrocuted!
You die...
Your body disappears without a glow.

▒▒▒▒▒ ▒▒......▒..▒▒......▒
▒▒...▒▒▒............▒..O..▒ ▒▒▒
▒▒....▒▒........▒....▒▒▒...▒
..▒▒▒...▒..▒.▒.......▒▒..▒▒..▒▒▒▒
........▒▒...▒▒......▒▒...▒▒.s▒..
........▒....▒▒▒▒.....▒▒.▒▒▒.....
..............<.......▒▒...▒...▒.
▒▒▒...........................▒▒▒
▒.......▒...................▒▒.
▒......▒▒....@............▒▒▒▒.
▒▒.▒...▒.....▒dr......▒....▒▒▒▒
▒▒▒▒..▒▒....▒br.....▒▒.....▒▒▒
▒........▒...▒.▒▒▒▒.....▒▒.
▒▒.......▒.▒▒▒.▒▒▒.........
▒▒...........▒..▒..........
▒▒▒.....▒▒...................
▒.......▒▒...▒▒...▒▒▒.....▒▒.
▒▒...▒.▒▒.............▒..▒▒▒▒
▒▒▒.▒▒.▒▒.........)...▒....
▒..▒...▒▒......▒▒▒▒%.▒▒.>...
▒......>▒▒..................


You could see Eustachio, a river rat (summoned), a quokka (summoned) and a bat
(summoned).

Vanquished Creatures
  A water moccasin (D:6)
  A sky beast (D:4)
  A centaur (D:5)
  A phantom (D:5)
  A bullfrog (D:5)
  3 hounds
  An orc priest (D:5)
  2 iguanas
  2 orc wizards
  Natasha (thrice) (D:2)
  12 adders
  A worm (D:2)
  A dart slug (D:2)
  13 orcs
  2 bats
  11 endoplasms
  5 giant cockroaches
  9 goblins
  9 hobgoblins
  2 jackals (D:5)
  11 kobolds
  4 quokkas
  11 ball pythons
  3 frilled lizards (D:1)
  5 rats
115 creatures vanquished.

Notes
Turn   | Place    | Note
-------+----------+-------------------------------------------
     0 | D:1      | shmup the Draconian Transmuter began the quest for the Orb.
     0 | D:1      | Reached XP level 1. HP: 16/16 MP: 3/3
    85 | D:1      | Found a faded altar of an unknown god.
   236 | D:1      | Reached XP level 2. HP: 21/23 MP: 5/5
   689 | D:1      | Reached skill level 4 in Unarmed Combat
  1066 | D:1      | Reached XP level 3. HP: 28/28 MP: 6/6
  1072 | D:1      | Learned a level 2 spell: Wereblood
  1830 | D:2      | Found Isuofrok's Antique Weapon Boutique.
  1934 | D:2      | Noticed Natasha
  1942 | D:2      | Killed Natasha
  1943 | D:2      | Reached skill level 5 in Unarmed Combat
  1943 | D:2      | Reached XP level 4. HP: 35/35 MP: 5/7
  1973 | D:2      | Found Vidog's Weapon Shoppe.
  1987 | D:2      | Noticed Natasha
  2002 | D:2      | Killed Natasha
  2140 | D:2      | Found Gaklomp's Book Emporium.
  2238 | D:2      | Reached XP level 5. HP: 40/40 MP: 6/8
  2243 | D:2      | Found Qaits's Antique Weapon Shop.
  2340 | D:2      | Noticed Natasha
  2346 | D:2      | Killed Natasha
  2526 | D:2      | Found Ufistar's Armour Emporium.
  2613 | D:3      | Reached skill level 6 in Unarmed Combat
  3021 | D:3      | Found Sanwe's Antique Armour Shoppe.
  3439 | D:4      | Noticed a sky beast
  3512 | D:4      | Found a staircase to the Ecumenical Temple.
  3528 | Temple   | Entered the Ecumenical Temple
  3669 | Temple   | Became a worshipper of Nemelex Xobeh the Trickster
  3725 | D:4      | Reached XP level 6. HP: 47/47 MP: 7/9
  3954 | D:4      | Reached skill level 7 in Unarmed Combat
  3990 | D:4      | Killed a sky beast
  4118 | D:4      | Found an iron altar of Okawaru.
  4485 | D:5      | Entered Level 5 of the Dungeon
  4593 | D:5      | Your scales start taking on a fiery red colour.
  4593 | D:5      | Reached XP level 7. HP: 44/52 MP: 7/10
  4593 | D:5      | Gained mutation: Your flesh is heat resistant. (rF+) [Red
                  | Draconian growth]
  4595 | D:5      | Reached skill level 8 in Unarmed Combat
  4667 | D:4      | Learned a level 3 spell: Spider Form
  4876 | D:5      | Noticed Eustachio
  4988 | D:5      | Reached * piety under Nemelex Xobeh
  5499 | D:5      | Slain by Eustachio

Illustrated notes

Levels and vault maps discovered:
D:1:      ebering_trefoil_twist, layout_loops_ring,
          shapermc_ecumenical_altar_pompeii, dk_noncrumbling_4
D:2:      layout_loops_ring, serial_shops, shop, nicolae_diamond_shop, shop,
          nicolae_shop_waterfront, shop, minmay_ruptured, uniq_natasha
D:3:      layout_basic, serial_shops, shop
D:4:      layout_rooms, okawaru_trees_2, temple_fountains,
          hangedman_minor_gate_pass
D:5:      layout_cave_pools, uniq_eustachio
D:6:      layout_rooms, vehumet_statue, gammafunk_temple_overflow_wave,
          nicolae_overflow_hidden_temple, nicolae_overflow_crystal_walls,
          serial_shops, nicolae_shop_bloodbath_and_beyond,
          minmay_fractal_squares_diagonal_5
Temple:   hellmonk_temple_flake

Skill      XL: |  1  2  3  4  5  6  7 |
---------------+----------------------+-----
Unarmed Combat | 4 5 6 7 8 |  8.4
Transmutations | 3 4 |  4.8
Fighting       | |  1.1
Dodging        | |  1.7
Spellcasting   | |  2.0

Action                   |  1- 3 |  4- 6 |  7- 9 || total
-------------------------+-------+-------+-------++-------
Melee: Unarmed           |   133 |   178 |    49 ||   360
       Tailslap          |     7 |    20 |     9 ||    36
       Punch             |     3 |     5 |       ||     8
       Kick              |     7 |    18 |    13 ||    38
       Headbutt          |     4 |    14 |     4 ||    22
Throw: Boomerang         |       |     1 |     6 ||     7
       Stone             |       |     1 |     3 ||     4
 Cast: Beastly Appendage |     8 |    13 |     6 ||    27
       Wereblood         |       |     1 |     1 ||     2
 Abil: Breathe Fire      |       |       |     4 ||     4
  Use: Scroll            |       |     3 |       ||     3
 Stab: Sleeping          |     1 |       |       ||     1
Armor: Skin              |    26 |    67 |    22 ||   115
Dodge: Dodged            |    70 |    93 |    42 ||   205
